 Dungeon Crawl Stone Soup version 0.20-a0-1056-g7622305 (webtiles) character file.

6685 Rrauwl the Severer (level 10, -11/84 HPs)
             Began as a Deep Dwarf Berserker on Apr 26, 2017.
             Was a Priest of Trog.
             Killed from afar by Erica (21 damage)
             ... with a bolt of poison
             ... on level 9 of the Dungeon.
             The game lasted 00:31:33 (6704 turns).

Rrauwl the Severer (Deep Dwarf Berserker)           Turns: 6704, Time: 00:31:34

Health: -11/84     AC: 12    Str: 23    XL:     10   Next: 73%
Magic:  13/13      EV:  9    Int:  9    God:    Trog [***...]
Gold:   371        SH: 10    Dex: 17    Spells: 9/9 levels left

rFire    + . .     SeeInvis .   a - +1 hand axe
rCold    . . .     Gourm    .   b - +0 shield
rNeg     . . .     Faith    .   e - +1 ring mail {rF+}
rPois    .         Spirit   .   (no helmet)
rElec    .         Reflect  .   C - +0 cloak
rCorr    .         Harm     .   u - +1 pair of gloves {Dex+3}
MR       +++..                  q - +2 pair of boots
Stlth    +.........             (no amulet)
Regen    1.0/turn               A - ring of wizardry
MPRegen  0.2/turn               (no ring)

@: lethally poisoned (-11 -> -11), very slightly contaminated, non-regenerating
A: damage resistance, heal wounds, agile 1, blink, sense surroundings 2, no
regeneration
a: Heal Wounds, Blink, Berserk, Trog's Hand, Burn Spellbooks, Renounce Religion


You were on level 9 of the Dungeon.
You worshipped Trog.
Trog was most pleased with you.
You were very hungry.

You visited 2 branches of the dungeon, and saw 10 of its levels.
You also visited: Sewer.

You collected 371 gold pieces.

Inventory:

Hand Weapons
 a - a +1 hand axe (weapon)
 t - a +1 flail of protection
Armour
 b - a +0 shield (worn)
 e - a +1 ring mail of fire resistance (worn)
 q - a +2 pair of boots (worn)
 u - a +1 pair of gloves of dexterity (worn)
 C - a +0 cloak (worn)
Jewellery
 A - a ring of wizardry (left hand)
Wands
 i - a wand of enslavement (10/24)
 n - a wand of paralysis (5/24)
 p - a wand of confusion (36/48)
 v - a wand of confusion (39/48)
 w - a wand of paralysis (15/24)
 y - a wand of random effects (20/48)
 B - a wand of iceblast (7/15)
Scrolls
 f - a scroll of recharging
 h - 3 scrolls of identify
 j - a scroll of blinking
 l - 3 scrolls of enchant armour
 o - 3 scrolls of teleportation
 z - a scroll of magic mapping
Potions
 g - a potion of haste
 k - 3 potions of brilliance
 m - 3 potions of flight
 r - 2 potions of curing
Comestibles
 c - 2 bread rations
 s - 6 chunks of flesh
 x - a meat ration


   Skills:
 - Level 3.1 Fighting
 + Level 16.2 Axes
 - Level 2.1 Armour
 - Level 2.1 Dodging
 - Level 3.0 Shields
 - Level 5.0 Evocations


You had 9 spell levels left.
You didn't know any spells.

Dungeon Overview and Level Annotations

Branches:
Dungeon (9/15)             Temple (1/1) D:5
   Lair: D:8-11         Orc: D:9-12

Altars:
Cheibriados
Dithmenos
Elyvilon
Fedhas
Gozag
Hepliaklqana
Kikubaaqudgha
Makhleb
Nemelex Xobeh
Okawaru
Qazlal
Sif Muna
Trog
Uskayaw
Wu Jian
Xom
Yredelemnul
Zin
The Shining One

Shops:
D:8 %

Annotations:
D:5 1 runed door
D:9 Erica


Innate Abilities, Weirdness & Mutations

You are resistant to damage.
You can heal yourself by infusing magical energy.
You passively map the area around you.
You do not regenerate.
You are agile. (Dex +2)
You can translocate small distances at will.


Message History

You feel resistant to hostile enchantments.
You are starving!
You can no longer call in reinforcements.
Erica hits your ogre with a scimitar of flaming!
Erica burns your ogre.
Your ogre barely misses Erica.
Erica hits your ogre with a scimitar of flaming!
Erica burns your ogre.
Unknown command.
Eat one of 7 chunks of flesh? (ye/n/q)
You eat one of the 7 chunks of flesh.
This raw flesh tastes terrible.
You are feeling very hungry.
You feel yourself speed up.
Your ogre misses Erica.
Your ogre barely misses Erica.
Erica gestures at you while chanting. The bolt of poison hits your ogre.
Your ogre dies!
Your ogre's corpse disappears in a puff of smoke!
The bolt of poison hits you!
You are poisoned.
You die...

## #.........# ... , * * #
#####.##### *#.# # #.# , #.# ##
#.### ,...,,, .## #...# * #.# .
..## ###.# #.#### *.. .).## ##..#
#.##.## ...
....####...#########.#...####....
.(.......>......@ยง@gg)....)()....
.....##.....>..#####)#...####....
...#.##.#..#.#.# #.#..## ,...
..##.##.##.#.#.# #.#.##** ..
.###.##....#.#.# #.... * . #*
#.##..###.#<# ###.# , #.##..#
#.#.# #.#*, * #.##... ....# #.# ,
** , .... ..### *


You could see Erica and 2 gnolls.

Vanquished Creatures
  2 two-headed ogres
  The ghost of rlgrobin the Martial Artist, a novice HuMo of Okawaru (D:8)
  Maurice (D:9)
  A gargoyle (D:8)
  Grinder (D:5)
  A hippogriff (D:9)
  Sigmund (D:3)
  Eustachio (D:6)
  4 yaks (D:9)
  Edmund (D:6)
  2 orc warriors (D:7)
  An ice beast (D:7)
  2 ogres
  5 centaurs
  A big kobold (D:8)
  Blork the orc (D:6)
  A gnoll sergeant (D:9)
  4 bullfrogs (D:6)
  A wyvern skeleton (D:8)
  6 killer bees (D:8)
  A bullfrog zombie (D:7)
  3 crimson imps
  A quasit (D:6)
  3 hounds
  6 orc wizards
  2 jellies
  4 orc priests
  4 centaur skeletons
  A bullfrog skeleton (D:5)
  Terence (D:2)
  5 worker ants
  A killer bee zombie (D:8)
  2 hound skeletons
  A worker ant zombie (D:8)
  3 gnolls (D:9)
  A river rat (D:5)
  9 adders
  2 shadow imps
  4 oozes
  3 adder skeletons
  5 worms (Sewer)
  2 dart slugs
  4 leopard geckos
  26 orcs
  5 ball pythons
  8 giant cockroaches
  7 goblins
  7 hobgoblins
  10 jackals
  3 quokkas
  19 bats
  7 frilled lizards
  A jackal skeleton (D:5)
  11 kobolds
  9 rats
219 creatures vanquished.

Vanquished Creatures (collateral kills)
  An ogre (D:9)
1 creature vanquished.

Vanquished Creatures (others)
  A rat (D:2)
1 creature vanquished.

Grand Total: 221 creatures vanquished

Notes
Turn   | Place    | Note
-------+----------+-------------------------------------------
     0 | D:1      | Rrauwl the Deep Dwarf Berserker began the quest for the Orb.
     0 | D:1      | Reached XP level 1. HP: 20/20 MP: 1/1
   181 | D:1      | Reached XP level 2. HP: 28/28 MP: 2/2
   262 | D:1      | Reached skill level 1 in Shields
   306 | D:1      | Reached ** piety under Trog
   376 | D:1      | Reached XP level 3. HP: 34/34 MP: 3/3
   901 | D:2      | Reached skill level 4 in Axes
   906 | D:2      | Found an ornate altar of the Wu Jian Council.
  1014 | D:2      | Found a white marble altar of Elyvilon.
  1199 | D:2      | Found a burning altar of Makhleb.
  1252 | D:2      | Noticed Terence
  1265 | D:2      | Killed Terence
  1265 | D:2      | Reached XP level 4. HP: 42/42 MP: 4/4
  1623 | D:3      | Reached skill level 5 in Axes
  1623 | D:3      | Reached XP level 5. HP: 25/49 MP: 5/5
  1893 | D:3      | Found a blossoming altar of Fedhas.
  1901 | D:3      | Noticed Sigmund
  1910 | D:3      | Reached *** piety under Trog
  1910 | D:3      | Reached skill level 6 in Axes
  1921 | D:3      | Killed Sigmund
  1921 | D:3      | Reached skill level 7 in Axes
  1921 | D:3      | Reached XP level 6. HP: 45/56 MP: 6/6
  2163 | D:4      | Found a deep blue altar of Sif Muna.
  2246 | D:4      | Identified Sif Muna's Compendium of Changing
  2248 | D:5      | Entered Level 5 of the Dungeon
  2248 | D:5      | Found a white marble altar of Elyvilon.
  2248 | D:5      | Noticed an angel
  2249 | D:5      | Found a runed door.
  2268 | D:5      | Reached XP level 7. HP: 52/62 MP: 7/7
  2324 | D:5      | Reached skill level 8 in Axes
  2578 | D:5      | Found a shadowy altar of Dithmenos.
  2609 | D:5      | Found a glowing drain.
  2662 | Sewer    | Entered a sewer
  3009 | Sewer    | Reached skill level 9 in Axes
  3028 | Sewer    | Reached **** piety under Trog
  3102 | D:5      | Gained mutation: You can translocate small distances at will. [potion of mutation]
  3102 | D:5      | Gained mutation: You are agile. (Dex +2) [potion of mutation]
  3381 | D:5      | Noticed Grinder
  3382 | D:5      | Found a staircase to the Ecumenical Temple.
  3395 | D:5      | Killed Grinder
  3395 | D:5      | Reached skill level 10 in Axes
  3395 | D:5      | Reached XP level 8. HP: 68/69 MP: 8/8
  3401 | Temple   | Entered the Ecumenical Temple
  4063 | D:6      | Noticed Edmund
  4095 | D:6      | Killed Edmund
  4095 | D:6      | Reached skill level 11 in Axes
  4145 | D:6      | Found a glowing silver altar of Zin.
  4180 | D:6      | Noticed Blork the orc
  4194 | D:6      | Killed Blork the orc
  4371 | D:6      | Reached skill level 1 in Evocations
  4392 | D:6      | Noticed Eustachio
  4416 | D:6      | Killed Eustachio
  4790 | D:7      | Gained mutation: You passively map the area around you. [Deep Dwarf growth]
  4790 | D:7      | Reached XP level 9. HP: 35/75 MP: 12/12
  4916 | D:7      | Reached skill level 12 in Axes
  4924 | D:7      | Reached skill level 5 in Evocations
  5472 | D:8      | Noticed rlgrobin's ghost (novice HuMo)
  5483 | D:8      | Killed rlgrobin's ghost
  5483 | D:8      | Reached skill level 13 in Axes
  5584 | D:8      | Found Daeshurch's Food Emporium.
  5708 | D:8      | Noticed a two-headed ogre
  5727 | D:8      | Killed a two-headed ogre
  5727 | D:8      | Reached skill level 14 in Axes
  5727 | D:8      | Reached XP level 10. HP: 73/84 MP: 13/13
  6012 | D:8      | Noticed a gargoyle
  6025 | D:8      | Killed a gargoyle
  6364 | D:9      | Found an opulent altar of Gozag.
  6441 | D:9      | Reached skill level 15 in Axes
  6524 | D:9      | Noticed Maurice
  6540 | D:9      | Killed Maurice
  6646 | D:9      | Noticed a two-headed ogre
  6665 | D:9      | Noticed Erica
  6691 | D:9      | Killed a two-headed ogre
  6691 | D:9      | Reached skill level 16 in Axes
  6704 | D:9      | Killed from afar by Erica

Vault maps used:
D:1:      roderic_crossed_star
D:2:      lemuel_crystal_altar, lightli_temple_of_fire, elyvilon_altar_4,
          first_bread, uniq_terence
D:3:      lemuel_doored_altar, uniq_sigmund
D:4:      nicolae_ashenzari_panopticon, led_sif_book, marbit_many_paths,
          nicolae_ru_the_path_less_chosen
D:5:      old_standard_altar, temple_fountains, portal_sewer_entry_c,
          lemuel_angel_altar, uniq_grinder
D:6:      basic_altar, uniq_edmund, uniq_blork_the_orc, uniq_eustachio
D:8:      serial_shops, shop
D:9:      nicolae_gozag_seed_capital, uniq_maurice, uniq_erica
Temple:   minmay_temple_forest_path
Sewer:    sewer_fruit_machine

Skill      XL: |  1  2  3  4  5  6  7  8  9 10 |
---------------+-------------------------------+-----
Fighting       | 3 |  3.1
Shields        | 1 2 3 |  3.0
Axes           | 4 5 7 10 11 14 16 | 16.2
Evocations     | 4 5 |  5.0
Armour         | |  2.1
Dodging        | |  2.1

Action                   |  1- 3 |  4- 6 |  7- 9 | 10-12 || total
-------------------------+-------+-------+-------+-------++-------
Melee: Hand axe          |   142 |   149 |   432 |   214 ||   937
       Mace              |       |       |    43 |       ||    43
Invok: Trog's Hand       |     1 |     2 |    10 |     7 ||    20
       Berserk           |     1 |     2 |     8 |     4 ||    15
       Burn Spellbooks   |       |       |       |     1 ||     1
       Brothers in Arms  |       |       |       |     1 ||     1
Evoke: Wand              |       |       |       |     4 ||     4
  Use: Scroll            |       |     8 |     9 |     2 ||    19
       Potion            |       |     5 |     8 |     2 ||    15
 Stab: Distracted        |       |       |     1 |       ||     1
  Eat: Chunk             |     2 |     3 |     9 |     9 ||    23
       Fruit             |       |     4 |     3 |       ||     7
       Meat ration       |       |       |     1 |       ||     1
       Bread ration      |       |       |     1 |       ||     1
       Royal jelly       |       |       |     1 |       ||     1
Armor: Ring mail         |    42 |    58 |   155 |    48 ||   303
       Animal skin       |     4 |       |       |       ||     4
Dodge: Dodged            |    49 |    61 |   133 |    47 ||   290
Block: Shield            |    52 |    56 |   188 |    65 ||   361
